 Dungeon Crawl Stone Soup version 0.31-a0-45-g5f0c076935 (webtiles) character file.

Game seed: 15736396810126417088

4678 LobsterGuardian the Prestidigitator (level 10, -4/74 HPs)
             Began as a Gnoll Wanderer on May 22, 2023.
             Was an Initiate of Gozag.
             Slain by a hornet (6 damage)
             ... while paralysed by a hornet
             ... on level 8 of the Dungeon.
             The game lasted 00:21:59 (7307 turns).

LobsterGuardian the Prestidigitator (GnWn)          Turns: 7307, Time: 00:21:59

Health: -4/74      AC: 10    Str:  8 (9)  XL:     10   Next: 44%
Magic:  16/19      EV:  2    Int: 13      God:    Gozag
Gold:   829        SH:  0    Dex: 16 (17) Spells: 12/21 levels left

rFire   . . .        t - +3 shortbow
rCold   . . .        (shield currently unavailable)
rNeg    . . .        d - +0 steam dragon scales
rPois   .            (no helmet)
rElec   +            j - +0 cloak
rCorr   .            B - +0 pair of gloves
SInv    .            m - +0 pair of boots
Will    .....        g - amulet of faith
Stlth   +++          e - +4 ring of slaying
HPRegen 1.12/turn    (no ring)
MPRegen 0.16/turn

%: faith
@: paralysed, mighty, lethally poisoned (-4 -> -5), slowed
A: fangs 1, strong nose, distributed training, deterioration 1, regeneration 1,
electricity resistance
a: Renounce Religion, Potion Petition, Call Merchant, Bribe Branch


You were on level 8 of the Dungeon.
You worshipped Gozag.
Gozag was pleased with you.
You visited 2 branches of the dungeon, and saw 9 of its levels.

You collected 954 gold pieces.
You paid 125 gold pieces to Gozag.

Inventory:

Hand Weapons
 t - a +3 shortbow (weapon)
Missiles
 q - a throwing net
Armour
 d - +0 steam dragon scales (worn)
 j - a +0 cloak (worn)
 m - a +0 pair of boots (worn)
 B - a +0 pair of gloves (worn)
Jewellery
 e - a +4 ring of slaying (left hand)
 g - an amulet of faith (around neck)
 D - an amulet of regeneration
Wands
 n - a wand of paralysis (5)
 v - a wand of flame (19)
 w - a wand of iceblast (7)
Scrolls
 a - a scroll of summoning
 c - 2 scrolls of blinking
 k - 2 scrolls of vulnerability {unknown}
 l - 3 scrolls of amnesia {unknown}
 o - 2 scrolls of teleportation
 r - a scroll of noise
 u - a scroll of torment {unknown}
 y - 2 scrolls of fear {unknown}
 A - a scroll of poison {unknown}
 E - a scroll of enchant armour {unknown}
Potions
 f - 3 potions of berserk rage
 h - 3 potions of might
 i - 3 potions of ambrosia {unknown}
 p - a potion of attraction {unknown}
 s - 3 potions of haste {unknown}
 z - a potion of resistance
 C - a potion of heal wounds {unknown}
Miscellaneous
 b - a piece from Xom's chessboard (15/15)


   Skills:
 + Level 5.5 Fighting
 + Level 5.5 Short Blades
 + Level 5.5 Long Blades
 + Level 5.5 Axes
 + Level 5.5 Maces & Flails
 + Level 5.5 Polearms
 + Level 5.5 Staves
 + Level 8.6 Ranged Weapons
 + Level 5.5 Throwing
 + Level 5.5 Armour
 + Level 5.5 Dodging
 + Level 5.5 Stealth
 + Level 5.5 Shields
 + Level 5.5 Unarmed Combat
 + Level 6.2 Spellcasting
 + Level 4.5 Conjurations
 + Level 4.5 Hexes
 + Level 6.0 Summonings
 + Level 4.5 Necromancy
 + Level 4.5 Translocations
 + Level 4.5 Transmutations
 + Level 4.5 Fire Magic
 + Level 4.5 Ice Magic
 + Level 4.5 Air Magic
 + Level 4.5 Earth Magic
 + Level 4.5 Poison Magic
 + Level 6.0 Invocations
 + Level 10.2 Evocations


You had 12 spell levels left.
You knew the following spells:

 Your Spells              Type           Power      Damage    Failure   Level
a - Summon Small Mammal   Summ           76%        N/A       1%          1
b - Call Imp              Summ           38%        N/A       1%          2
c - Summon Guardian Gole  Hex/Summ       17%        N/A       5%          3
d - Mephitic Cloud        Conj/Pois/Air  15%        N/A       8%          3

Your spell library contained the following spells:

 Spells                   Type           Power      Damage    Failure   Level
 Apportation              Tloc           30%        N/A       2%          1
 Magic Dart               Conj           60%        1d6       2%          1
 Necrotise                Necr           60%        1d7       2%          1
 Ensorcelled Hibernation  Hex/Ice        30%        N/A       3%          2
 Passwall                 Tmut/Erth      12%        N/A       3%          2
 Swiftness                Air            15%        N/A       8%          3


Dungeon Overview and Level Annotations

Branches:
Dungeon (8/15)             Temple (1/1) D:6
   Lair: D:8-11

Altars:
Ashenzari
Cheibriados
Dithmenos
Elyvilon
Fedhas
Gozag
Hepliaklqana
Kikubaaqudgha
Makhleb
Nemelex Xobeh
Okawaru
Qazlal
Ru
Sif Muna
Trog
Uskayaw
Vehumet
Wu Jian
Xom
Yredelemnul
Zin
The Shining One


Innate Abilities, Weirdness & Mutations

You have very sharp teeth.
Your uncanny sense of smell can sniff out nearby items.
Your experience applies equally to all skills.
Your body sometimes deteriorates upon taking damage.
Your natural rate of healing is unusually fast.
You are resistant to electric shocks. (rElec)


Message History

You feel very sick. The hornet stings you!
You are more poisoned.
You feel as though you will be slow longer.
The hornet stings you!
You suddenly lose the ability to move!
The hornet barely misses you.
You feel very sick. The hornet stings you!
* * * LOW HITPOINT WARNING * * *
You feel as though you will be slow longer.
You can move again.
You feel better. The hornet misses you.
The hornet stings you but does no damage.
Casting: Summon Guardian Golem (dangerous; 5% risk of failure)
Confirm with . or Enter, or press ? or * to list all spells.
A guardian golem appears, shielding your allies.
The hornet stings you!
* * * LOW HITPOINT WARNING * * *
You are poisoned.
You feel as though you will be slow longer.
The hornet closely misses you. The hornet barely misses you.
Do you really want to go berserk while wielding your +3 shortbow?
Okay, then.
You feel very mighty all of a sudden.
You feel very sick.
The hornet stings you but does no damage. x2
Unknown command.
You shoot an arrow. The arrow misses the hornet.
You feel yourself speed up.
You feel sick. The hornet stings you.
* * * LOW HITPOINT WARNING * * *
You suddenly lose the ability to move!
The hornet stings you!
* * * LOW HITPOINT WARNING * * *
You feel yourself slow down.
* * * LOW HITPOINT WARNING * * *
You feel sick.
The hornet stings you but does no damage.
The hornet stings you.
You die...
Your body crumbles into a pile of gold.

####...###.## ..#+
#.##...###.#####...
#+##.#.....#......#...
#....#.....'......#...
#....#.....#......#...
#....#.....#......#...
#....#..<..#......#...
#+#..9y##############...
.......@...............#
.......................'
...$...................#
.......................#
.######....#'#########..
#....#.........#..
+....#.........#..
#....#.........#..
#^...#.........+..


You could see a hornet (ally target) and a friendly guardian golem (summoned).

Vanquished Creatures
  Pikel (D:7)
  Maggie (D:6)
  2 unseen horror zombies (D:8)
  Eustachio (D:5)
  Sigmund (D:2)
  A wyvern (D:8)
  Edmund (D:5)
  Duvessa (D:6)
  A water moccasin (D:8)
  An orc warrior (D:8)
  2 centaurs
  4 bullfrogs
  3 necrophages (D:8)
  2 scorpions
  7 wights
  4 killer bees (D:7)
  2 centaur zombies (D:8)
  A human zombie (D:8)
  Crazy Yiuf (D:2)
  5 hounds
  A jelly (D:7)
  8 orc priests
  A gnoll bouda (D:4)
  4 orc wizards
  A killer bee zombie (D:8)
  2 mummies (D:8)
  15 gnolls
  8 adders
  2 shadow imps
  2 white imps
  2 ufetubi (D:6)
  A worm (D:3)
  A dart slug (D:4)
  17 orcs
  3 endoplasms
  5 giant cockroaches
  7 goblins
  16 hobgoblins
  A jackal (D:3)
  6 quokkas
  4 ball pythons
  3 bats
  A frilled lizard (D:1)
  5 kobolds
  8 rats
166 creatures vanquished.

Vanquished Creatures (collateral kills)
  2 goblins
  2 jackals (D:1)
  A frilled lizard (D:1)
5 creatures vanquished.

Vanquished Creatures (others)
  Menkaure (D:6)
  An ogre (D:6)
  Dowan (D:6)
  An adder (D:6)
4 creatures vanquished.

Grand Total: 175 creatures vanquished

Notes
Turn   | Place    | Note
-------+----------+-------------------------------------------
     0 | D:1      | LobsterGuardian the Gnoll Wanderer began the quest for the
                  | Orb.
     0 | D:1      | LobsterGuardian set off with the following items: a +2
                  | sling, a piece from Xom's chessboard (15/15), a scroll of
                  | blinking, a +0 robe; and the following spell memorised:
                  | Summon Small Mammal; and the following spells available to
                  | memorise: Summon Guardian Golem.
     0 | D:1      | Reached XP level 1. HP: 13/13 MP: 4/4
   174 | D:1      | Reached XP level 2. HP: 19/19 MP: 5/5
   399 | D:1      | Reached XP level 3. HP: 25/25 MP: 7/7
   515 | D:1      | Gained mutation: You are clumsy. (Dex -2) [potion of
                  | mutation]
   515 | D:1      | Gained mutation: Your mind is acute. (Int +4, Str/Dex -1)
                  | [potion of mutation]
   515 | D:1      | Gained mutation: Armour fits poorly on your strangely
                  | shaped body. [potion of mutation]
   519 | D:1      | Learned a level 2 spell: Call Imp
   911 | D:2      | Noticed Sigmund
   947 | D:2      | Reached skill level 1 in Invocations
   999 | D:2      | Killed Sigmund
  1000 | D:2      | Reached skill level 1 in Fighting
  1000 | D:2      | Reached skill level 1 in Short Blades
  1000 | D:2      | Reached skill level 1 in Long Blades
  1000 | D:2      | Reached skill level 1 in Axes
  1000 | D:2      | Reached skill level 1 in Maces & Flails
  1000 | D:2      | Reached skill level 1 in Polearms
  1000 | D:2      | Reached skill level 1 in Staves
  1000 | D:2      | Reached skill level 1 in Throwing
  1000 | D:2      | Reached skill level 1 in Armour
  1000 | D:2      | Reached skill level 1 in Dodging
  1000 | D:2      | Reached skill level 1 in Stealth
  1000 | D:2      | Reached skill level 1 in Shields
  1000 | D:2      | Reached skill level 1 in Unarmed Combat
  1000 | D:2      | Reached skill level 1 in Conjurations
  1000 | D:2      | Reached skill level 1 in Hexes
  1000 | D:2      | Reached skill level 1 in Necromancy
  1000 | D:2      | Reached skill level 1 in Translocations
  1000 | D:2      | Reached skill level 1 in Transmutations
  1000 | D:2      | Reached skill level 1 in Fire Magic
  1000 | D:2      | Reached skill level 1 in Ice Magic
  1000 | D:2      | Reached skill level 1 in Air Magic
  1000 | D:2      | Reached skill level 1 in Earth Magic
  1000 | D:2      | Reached skill level 1 in Poison Magic
  1000 | D:2      | Reached XP level 4. HP: 9/33 MP: 8/8
  1000 | D:2      | Reached XP level 5. HP: 11/38 MP: 9/9
  1480 | D:2      | Found a runed translucent door.
  1481 | D:2      | Noticed Crazy Yiuf
  1703 | D:2      | Killed Crazy Yiuf
  1704 | D:2      | Reached XP level 6. HP: 33/44 MP: 4/11
  2191 | D:3      | Found a glowing silver altar of Zin.
  2194 | D:3      | Found a glowing golden altar of the Shining One.
  3102 | D:4      | Reached XP level 7. HP: 50/50 MP: 12/12
  3282 | D:4      | Learned a level 3 spell: Summon Guardian Golem
  3286 | D:4      | Learned a level 3 spell: Mephitic Cloud
  3387 | D:4      | Found a sparkling altar of Nemelex Xobeh.
  3751 | D:5      | Entered Level 5 of the Dungeon
  3779 | D:5      | Noticed Edmund
  3798 | D:5      | Noticed Eustachio
  3802 | D:5      | Killed Edmund
  3803 | D:5      | Reached skill level 9 in Evocations
  3824 | D:5      | You fall into a shaft and drop 1 floor!
  3876 | D:6      | Found a staircase to the Ecumenical Temple.
  3992 | Temple   | Entered the Ecumenical Temple
  4074 | Temple   | Became a worshipper of Gozag Ym Sagoz the Greedy
  4128 | D:6      | Noticed Maggie
  4151 | D:6      | Killed Maggie
  4152 | D:6      | Reached XP level 8. HP: 46/58 MP: 7/14
  4235 | D:6      | Noticed Menkaure
  4247 | D:6      | Killed Menkaure
  4759 | D:6      | Noticed Duvessa
  4762 | D:6      | Noticed Dowan
  4789 | D:6      | Killed Duvessa
  4789 | D:6      | Killed Dowan
  4790 | D:6      | Reached skill level 5 in Summonings
  4790 | D:6      | Reached XP level 9. HP: 12/65 MP: 9/16
  5128 | D:6      | Lost mutation: You are clumsy. (Dex -2) [potion of
                  | mutation]
  5128 | D:6      | Lost mutation: Your mind is acute. (Int +4, Str/Dex -1)
                  | [potion of mutation]
  5128 | D:6      | Lost mutation: Armour fits poorly on your strangely shaped
                  | body. [potion of mutation]
  5128 | D:6      | Gained mutation: You are resistant to electric shocks.
                  | (rElec) [potion of mutation]
  5128 | D:6      | Gained mutation: Your body sometimes deteriorates upon
                  | taking damage. [potion of mutation]
  5128 | D:6      | Gained mutation: Your natural rate of healing is unusually
                  | fast. [potion of mutation]
  5413 | D:5      | Killed Eustachio
  5414 | D:5      | Reached skill level 5 in Spellcasting
  6276 | D:7      | Reached skill level 5 in Invocations
  6376 | D:7      | Noticed Pikel
  6391 | D:7      | Killed Pikel
  6433 | D:7      | Reached skill level 5 in Fighting
  6433 | D:7      | Reached skill level 5 in Short Blades
  6433 | D:7      | Reached skill level 5 in Long Blades
  6433 | D:7      | Reached skill level 5 in Axes
  6433 | D:7      | Reached skill level 5 in Maces & Flails
  6433 | D:7      | Reached skill level 5 in Polearms
  6433 | D:7      | Reached skill level 5 in Staves
  6433 | D:7      | Reached skill level 5 in Throwing
  6433 | D:7      | Reached skill level 5 in Armour
  6433 | D:7      | Reached skill level 5 in Dodging
  6433 | D:7      | Reached skill level 5 in Stealth
  6433 | D:7      | Reached skill level 5 in Shields
  6433 | D:7      | Reached skill level 5 in Unarmed Combat
  6465 | D:7      | Reached XP level 10. HP: 74/74 MP: 18/18
  6761 | D:8      | Reached skill level 10 in Evocations
  6816 | D:8      | Found a basalt altar of Yredelemnul.
  7301 | D:8      | Paralysed by a hornet for 2 turns
  7306 | D:8      | Paralysed by a hornet for 2 turns
  7306 | D:8      | HP: 2/74 [hornet (10)]
  7307 | D:8      | Slain by a hornet

Illustrated notes

Levels and vault maps discovered:
D:1:      ncdulo_lavacross, layout_rooms
D:2:      layout_loops_corners, uniq_sigmund, uniq_crazy_yiuf_cottage
D:3:      layout_rooms, nicolae_overflow_squiral, minmay_pentangle
D:4:      layout_basic, nemelex_diamond_rough_becter, hangedman_glass_teeth
D:5:      layout_basic, minmay_misc_feat_roman, minmay_misc_feat_columns,
          sigmund_army, uniq_edmund, uniq_eustachio
D:6:      layout_loops_corners, temple_fountains, uniq_duvessa, uniq_menkaure,
          uniq_maggie
D:7:      layout_rooms, uniq_pikel
D:8:      layout_gridville, lemuel_mausoleum_altar_yredelemnul, minmay_nine_imps
Temple:   compressed_dpeg_circular_temple

Skill      XL: |  1  2  3  4  5  6  7  8  9 10 |
---------------+-------------------------------+-----
Invocations    | 1 2 3 4 5 6 |  6.0
Fighting       | 1 2 3 5 |  5.5
Short Blades   | 1 2 3 5 |  5.5
Long Blades    | 1 2 3 5 |  5.5
Axes           | 1 2 3 5 |  5.5
Maces & Flails | 1 2 3 5 |  5.5
Polearms       | 1 2 3 5 |  5.5
Staves         | 1 2 3 5 |  5.5
Throwing       | 1 2 3 5 |  5.5
Armour         | 1 2 3 5 |  5.5
Dodging        | 1 2 3 5 |  5.5
Stealth        | 1 2 3 5 |  5.5
Shields        | 1 2 3 5 |  5.5
Unarmed Combat | 1 2 3 5 |  5.5
Spellcasting   | 3 4 5 6 |  6.2
Conjurations   | 1 2 3 4 |  4.5
Hexes          | 1 2 3 4 |  4.5
Summonings     | 4 5 6 |  6.0
Necromancy     | 1 2 3 4 |  4.5
Translocations | 1 2 3 4 |  4.5
Transmutations | 1 2 3 4 |  4.5
Fire Magic     | 1 2 3 4 |  4.5
Ice Magic      | 1 2 3 4 |  4.5
Air Magic      | 1 2 3 4 |  4.5
Earth Magic    | 1 2 3 4 |  4.5
Poison Magic   | 1 2 3 4 |  4.5
Ranged Weapons | 7 8 |  8.6
Evocations     | 9 10 | 10.2

Action                     |  1- 3 |  4- 6 |  7- 9 | 10-12 || total
---------------------------+-------+-------+-------+-------++-------
   Fire: Sling             |    57 |   144 |    86 |       ||   287
         Shortbow          |       |       |   201 |   102 ||   303
   Cast: Summon Small Mamm |    11 |     8 |     4 |       ||    23
         Call Imp          |     5 |     4 |     7 |       ||    16
         Mephitic Cloud    |       |       |     5 |       ||     5
         Summon Guardian G |       |       |     6 |     1 ||     7
  Evoke: Piece from Xom's  |     1 |       |       |       ||     1
    Use: Potion            |     4 |     1 |     6 |     2 ||    13
         Scroll            |     2 |       |     5 |     2 ||     9
 Armour: Robe              |     4 |    13 |    14 |       ||    31
         Steam dragon scal |       |       |    15 |    30 ||    45
  Dodge: Dodged            |    12 |    52 |   103 |    66 ||   233

Table legend: (Time is in decaauts)
 A = Elapsed time spent in this place.
 B = Non-inter-level travel time spent in this place.
 C = Inter-level travel time spent in this place.
 D = Time resting spent in this place.
 E = Time spent auto-exploring this place.
 F = Levels seen in this place.
 G = Mean time per level.
                   A        B        C        D        E       F      G
               +--------+--------+--------+--------+--------+-----+--------+
         Total |   7354 |   6888 |    466 |      0 |   5595 |   9 |  817.1 |
       Dungeon |   7262 |   6816 |    446 |      0 |   5538 |   8 |  907.8 |
        Temple |     91 |     72 |     19 |      0 |     57 |   1 |   91.0 |
               +--------+--------+--------+--------+--------+-----+--------+

Top non-repeatable levels by time:
     D:6: 1794 daAuts
     D:2: 1471 daAuts
     D:4: 1080 daAuts
     D:3: 681 daAuts
     D:7: 646 daAuts
     D:8: 603 daAuts
     D:1: 530 daAuts
     D:5: 454 daAuts
  Temple: 91 daAuts
